 Dungeon Crawl Stone Soup version 0.30-a0-305-g026cb31310 (webtiles) character file.

Game seed: 9661535760940417348

216296 ragingrage the Fighter (level 18, -6/161 HPs)
             Began as a Pale Draconian Earth Elementalist on Oct 23, 2022.
             Was a High Priest of Qazlal.
             Mangled by a radroach (8 damage)
             ... on level 1 of the Spider Nest.
             The game lasted 01:14:19 (35994 turns).

ragingrage the Fighter (DrEE)                      Turns: 35994, Time: 01:14:19

Health: -6/161     AC: 18    Str: 13    XL:     18   Next: 35%
Magic:  30/43      EV:  7    Int: 33    God:    Qazlal [*****.]
Gold:   1962       SH:  0    Dex: 16    Spells: 22/42 levels left

rFire   + + .      SeeInvis .    a - staff of conjuration
rCold   . . .      Faith    .    I - +5 tower shield of Festooned Awe {Harm rPois}
rNeg    + + .      Spirit   .    (body armour unavailable)
rPois   +          Reflect  .    (helmet restricted)
rElec   +          Harm     +    z - +0 cloak "Fipokhlo" {rN++}
rCorr   +          Rampage  +    s - +0 pair of gloves of the Game of Life {*Corrode Regen+ Int+7}
Will    ++...                    O - +2 pair of boots of Limoxzea {Rampage rF- rCorr Str+7}
Stlth   +.........               M - amulet "Waiq" {RegenMP rElec rCorr}
HPRegen 1.26/turn                r - ring "Qomet" {rF+++ Will+ Str-5 Int+4 Dex+3}
MPRegen 0.68/turn                l - ring of magical power

@: lethally poisoned (-6 -> -32), about to teleport, protected from physical
damage, held, slowed, studying Ice Magic, repel missiles, very slow
A: breathe steam, AC +10, unfitting armour, cold-blooded, steam resistance
}: 1/15 runes: decaying
a: Breathe Steam, Renounce Religion, Upheaval, Elemental Force, Disaster Area


You were on level 1 of the Spider Nest.
You worshipped Qazlal.
Qazlal was extremely pleased with you.
You visited 7 branches of the dungeon, and saw 31 of its levels.
You also visited: Ice Cave.

You collected 4260 gold pieces.
You spent 2298 gold pieces at shops.

Inventory:

Missiles
 B - 7 curare-tipped darts
 E - 3 throwing nets
Armour
 s - the +0 pair of gloves of the Game of Life (worn) {*Corrode Regen+ Int+7}
   (You bought it in a shop on level 2 of the Orcish Mines)

   Int:       It affects your intelligence (+7).
   Regen:     It increases your rate of health regeneration.
   *Corrode:  It may corrode you when you take damage.
 z - the +0 cloak "Fipokhlo" (worn) {rN++}
   (You bought it in a shop on level 1 of the Elven Halls)

   rN:        It greatly protects you from negative energy.
 I - the +5 tower shield of Festooned Awe (worn) {Harm rPois}
   (You took it off Louise on level 4 of the Swamp)

   rPois:     It protects you from poison.
   Harm:      It increases damage dealt and taken.
 O - the +2 pair of boots of Limoxzea (worn) {Rampage rF- rCorr Str+7}
   (You bought it in a shop on level 1 of the Elven Halls)

   Str:       It affects your strength (+7).
   rF:        It makes you vulnerable to fire.
   rCorr:     It protects you from acid and corrosion.
   Rampage:   It bestows one free step when moving towards enemies.
Magical Staves
 a - a staff of conjuration (weapon)
Jewellery
 g - a ring of see invisible
 l - a ring of magical power (right hand)
 r - the ring "Qomet" (left hand) {rF+++ Will+ Str-5 Int+4 Dex+3}
   (You bought it in a shop on level 2 of the Orcish Mines)

   [ring of willpower]

   Str:       It affects your strength (-5).
   Int:       It affects your intelligence (+4).
   Dex:       It affects your dexterity (+3).
   rF:        It renders you almost immune to fire.
   Will:      It increases your willpower.
 M - the amulet "Waiq" (around neck) {RegenMP rElec rCorr}
   (You took it off a deep elf pyromancer on level 3 of the Elven Halls)

   [amulet of magic regeneration]

   It increases your rate of magic regeneration.
   rElec:     It insulates you from electricity.
   rCorr:     It protects you from acid and corrosion.
 U - the ring "Aggenlow" {+Blink rF++ rCorr}
   (You found it on level 2 of the Swamp)

   [ring of resist corrosion]

   rF:        It greatly protects you from fire.
   +Blink:    It lets you blink.
   rCorr:     It protects you from acid and corrosion.
Wands
 i - a wand of roots (42)
 y - a wand of mindburst (10)
 J - a wand of acid (21)
 Q - a wand of paralysis (19)
 T - a wand of digging (28)
 Z - a wand of polymorph (7)
Scrolls
 d - 7 scrolls of magic mapping
 e - 9 scrolls of vulnerability
 f - 8 scrolls of poison
 h - 5 scrolls of teleportation
 j - 2 scrolls of silence
 k - 3 scrolls of blinking
 m - 6 scrolls of enchant armour
 v - 2 scrolls of torment
 w - 4 scrolls of immolation
 A - 6 scrolls of butterflies
 L - a scroll of summoning
 P - a scroll of amnesia
 V - 6 scrolls of fear
Potions
 c - a potion of invisibility
 p - 3 potions of cancellation
 q - 8 potions of heal wounds
 t - 2 potions of berserk rage
 u - 6 potions of flight
 x - 13 potions of curing
 C - 9 potions of ambrosia
 D - 5 potions of resistance
 F - 5 potions of lignification
 K - 4 potions of brilliance
 N - 2 potions of might
 S - 6 potions of attraction
 W - 3 potions of magic
 X - 4 potions of haste
 Y - 3 potions of mutation
Miscellaneous
 n - a tin of tremorstones (inert)
 o - a condenser vane (inert)
 G - a phial of floods
 R - a lightning rod (4/4)


   Skills:
 + Level 14.4 Fighting
 - Level 9.0 Dodging
 - Level 1.7 Stealth
 + Level 13.2 Shields
 + Level 12.7 Spellcasting
 - Level 12.0 Conjurations
 - Level 3.0 Translocations
 - Level 4.0 Transmutations
 + Level 13.5 Earth Magic
 + Level 13.1 Invocations
 + Level 11.9 Evocations


You had 22 spell levels left.
You knew the following spells:

 Your Spells              Type           Power      Damage    Failure   Level
a - Sandblast             Erth           100%       2d20      1%          1
b - Stone Arrow           Conj/Erth      100%       3d13      1%          3
c - Petrify               Tmut/Erth      68%        N/A       2%          4
d - Iskenderun's Battles  Conj           100%       2d15      1%          5
e - Blink                 Tloc           80%        N/A       4%          2
f - Lee's Rapid Deconstr  Erth           41%        3d20*     1%          5

Your spell library contained the following spells:

 Spells                   Type           Power      Damage    Failure   Level
 Magic Dart               Conj           100%       1d8       1%          1
 Passwall                 Tmut/Erth      56%        N/A       1%          2
 Dazzling Flash           Conj/Hex       100%       N/A       2%          3
 Hailstorm                Conj/Ice       74%        3d15      2%          3
 Iskenderun's Mystic Bla  Conj/Tloc      81%        2d16      4%          4
 Mephitic Cloud           Conj/Pois/Air  63%        N/A       5%          3
 Leda's Liquefaction      Hex/Erth       30%        N/A       6%          4
 Fulminant Prism          Conj/Hex       37%        3d18      8%          4
 Gell's Gravitas          Tloc           40%        N/A       9%          3
 Teleport Other           Tloc           40%        N/A       9%          3
 Freeze                   Ice            80%        1d9       10%         1
 Necrotise                Necr           80%        1d8       10%         1
 Slow                     Hex            80%        N/A       10%         1
 Irradiate                Conj/Tmut      42%        3d25      10%         5
 Call Imp                 Summ           20%        N/A       14%         2
 Cigotuvi's Dreadful Rot  Necr/Pois/Air  40%        N/A       14%         2
 Ensorcelled Hibernation  Hex/Ice        40%        N/A       14%         2
 Sublimation of Blood     Necr           20%        N/A       14%         2
 Portal Projectile        Hex/Tloc       60%        N/A       16%         3
 Borgnjor's Vile Clutch   Necr/Erth      30%        N/A       16%         5
 Kindle Blastsparks       Fire/Tloc/Air  54%        2d14      19%         3
 Fireball                 Conj/Fire      37%        3d15      22%         5
 Manifold Assault         Tloc           40%        N/A       26%         4
 Call Canine Familiar     Summ           20%        N/A       28%         3
 Confusing Touch          Hex            20%        N/A       28%         3
 Frozen Ramparts          Ice            40%        1d7       28%         3
 Swiftness                Air            20%        N/A       28%         3
 Tukima's Dance           Hex            20%        N/A       28%         3
 Vampiric Draining        Necr           20%        2d7       28%         3
 Statue Form              Tmut/Erth      45%        N/A       36%         6
 Blade Hands              Tmut           23%        N/A       45%         5
 Freezing Cloud           Conj/Ice/Air   31%        6-21      45%         5
 Orb of Destruction       Conj           50%        9d13      50%         7
 Dispel Undead            Necr           20%        3d11      67%         4
 Summon Ice Beast         Ice/Summ       20%        N/A       67%         4
 Alistair's Intoxication  Tmut/Pois      22%        N/A       75%         5
 Conjure Ball Lightning   Conj/Air       37%        3x3d12    77%         6
 Agony                    Necr           20%        N/A       95%         5
 Silence                  Hex/Air        10%        N/A       95%         5
 Summon Mana Viper        Hex/Summ       20%        N/A       95%         5
 Lehudib's Crystal Spear  Conj/Erth      51%        10d12     97%         8
 Dispersal                Tloc           20%        N/A       99%         6
 Eringya's Noxious Bog    Tmut/Pois      17%        N/A       99%         6
 Death Channel            Necr           10%        N/A       100%        6
 Simulacrum               Ice/Necr       10%        N/A       100%        6
 Monstrous Menagerie      Summ           10%        N/A       100%        7
 Storm Form               Tmut/Air       17%        N/A       100%        7
 Disjunction              Tloc           20%        N/A       100%        8
 Death's Door             Necr           10%        N/A       100%        9
 Polar Vortex             Ice            10%        N/A       100%        9


Dungeon Overview and Level Annotations

Branches:
Dungeon (15/15)            Temple (1/1) D:6            Lair (5/5) D:11
  Swamp (4/4) Lair:3       Spider (1/4) Lair:3        Slime (0/5) Lair:4
    Orc (2/2) D:12            Elf (3/3) Orc:2        Vaults (0/5) D:13
 Depths (0/4) D:15          IceCv (visited)

Altars:
Ashenzari
Cheibriados
Dithmenos
Elyvilon
Fedhas
Gozag
Hepliaklqana
Kikubaaqudgha
Makhleb
Nemelex Xobeh
Okawaru
Qazlal
Ru
Sif Muna
Trog
Uskayaw
Vehumet
Wu Jian
Xom
Yredelemnul
Zin
The Shining One
Jiyva

Shops:
D:1 [   D:7 !   D:11 *   Orc:2 [=*[   Elf:1 [   Elf:2 :

Annotations:
D:3 1 runed translucent door, Crazy Yiuf
D:9 3 runed translucent doors, Iusername's ghost, novice MiFi
D:13 exclusion: downstairs
Lair:3 1 runed translucent door, Zonian's ghost, journeyman DjIE
Swamp:3 1 runed translucent door, ryw's ghost, adept DsMo
Elf:1 1 runed translucent door
Elf:2 3 runed translucent doors


Innate Abilities, Weirdness & Mutations

You can breathe blasts of scalding, opaque steam.
Your pale cyan-grey scales are hard. (AC +10)
You cannot fit into any form of body armour.
You are cold-blooded and may be slowed by cold attacks.
You are immune to the effects of steam.


Message History

The wolf spider completely misses you. The wolf spider bites you.
You are poisoned.
The wolf spider poisons you!
The jumping spider leaps!
The broodmother bites you! The wolf spider barely misses you.
The wolf spider bites you but does no damage.
The wolf spider hits you but does no damage.
The wolf spider bites you but does no damage.
The radroach barely misses you.
The radroach claws you but does no damage.
The redback bites you but does no damage.
The culicivora moves out of view.
Unknown command.
You feel better.
You hear a faint skittering sound.
The wolf spider hits you but does no damage.
The wolf spider barely misses you.
The jumping spider leaps!
The wolf spider closely misses you. The wolf spider bites you!
The broodmother bites you.
A spider bursts forth from the wound!
The redback bites you. The wolf spider hits you!
* * * LOW HITPOINT WARNING * * *
The wolf spider bites you but does no damage.
The radroach bites you.
* * * LOW HITPOINT WARNING * * *
You feel more protected from physical attacks.
The radroach claws you but does no damage.
The jumping spider is struck by lightning.
The jumping spider pounces on you!
* * * LOW HITPOINT WARNING * * *
The jumping spider bites you but does no damage.
The wolf spider hits you.
* * * LOW HITPOINT WARNING * * *
The wolf spider closely misses you. The broodmother completely misses you.
The redback bites you.
* * * LOW HITPOINT WARNING * * *
The demonic crawler shrieks in warning!
The wolf spider closely misses you. The wolf spider bites you.
* * * LOW HITPOINT WARNING * * *
You are lethally poisoned!
The wolf spider poisons you! The radroach bites you!
You die...

...≈.# ...≈.# .
## ..≈≈. †.
###.##...# ...
##....#...#..s.
......○†°○ws...
....^.sss......
......s@H°#
#.....sBs°.....
###..☼...sys...
#.......≈○s≈≈
.........##...
##......≈## ..
##.....## .
#######


You could see a broodmother, a jorogumo, a sun moth, a radroach, a torpor snail,
a demonic crawler (catching breath), 3 wolf spiders, an orb spider, a
culicivora, 2 jumping spiders and 2 redbacks.

Vanquished Creatures
  A tentacled monstrosity (Swamp:3)
  2 deep elf blademasters (Elf:3)
  4 deep elf master archers (Elf:3)
  Gastronok (Lair:1)
  Kirke (Swamp:2)
  Roxanne (D:14)
  2 deep elf sorcerers
  An azure jelly (IceCv)
  2 orc warlords (Orc:1)
  Louise (Swamp:4)
  8 deep elf elementalists (Elf:3)
  2 green draconians (Swamp:2)
  14 deep elf annihilators
  2 eleionomae
  5 bunyips
  6 deep elf demonologists (Elf:3)
  A spark wasp (Spider:1)
  2 deep elf death magi (Elf:3)
  8 deep elf high priests (Elf:3)
  3 ice dragons (Swamp:4)
  A jorogumo (Lair:3)
  6 boulder beetles
  An ogre mage (D:15)
  10 hydras
  4 ghost crabs
  Erica (Lair:1)
  8 centaur warriors
  5 catoblepae
  16 dancing weapons
  10 death yaks
  10 alligators
  3 two-headed ogres
  A death scarab (Spider:1)
  2 tengu warriors (D:14)
  5 orc high priests (Orc:2)
  12 deep elf knights
  A spriggan druid (Swamp:3)
  3 goliath frogs
  4 swamp dragons
  3 orb spiders (Spider:1)
  8 deep elf archers
  A wizard (D:15)
  7 bog bodies
  A necromancer (D:15)
  20 deep elf zephyrmancers
  30 deep elf pyromancers
  2 will-o-the-wisps (Swamp:3)
  9 orc knights
  2 wolf spiders (Spider:1)
  2 orc sorcerers
  3 cyclopes
  5 manticores
  An ugly thing (D:11)
  10 elephants
  2 naga magi (D:15)
  2 ice statues (IceCv)
  A water nymph (shapeshifter) (D:13)
  A gargoyle (D:12)
  3 black mambas
  A cane toad (shapeshifter) (D:13)
  11 cane toads
  4 torpor snails
  3 centaur skeletons (D:15)
  An unseen horror (D:12)
  2 freezing wraiths (Swamp:4)
  8 komodo dragons
  3 tengu conjurers
  3 rime drakes
  A demonic crawler (Spider:1)
  2 bloated husks
  8 trolls
  7 meliai
  7 hornets
  A queen bee (Lair:5)
  9 tarantellas
  2 dream sheep (Lair:1)
  A tarantella (shapeshifter) (D:13)
  24 slime creatures
  8 tyrant leeches
  19 blink frogs
  A raiju (shapeshifter) (D:13)
  An air elemental (Elf:2)
  3 jumping spiders
  Sigmund (D:6)
  7 wyverns
  4 culicivoras (Spider:1)
  8 spriggans
  2 wraiths (D:12)
  2 water elementals
  2 hogs (Swamp:2)
  2 fire elementals
  55 yaks
  3 redbacks (Spider:1)
  4 basilisks
  11 vampire mosquitoes
  2 steam dragons
  2 swamp worm simulacra (Swamp:4)
  18 swamp worms
  2 wargs (Orc:1)
  13 hydra simulacra (Swamp:4)
  13 water moccasins
  Duvessa (D:5)
  A black bear (D:4)
  A sky beast (D:8)
  4 swamp drakes
  36 orc warriors
  3 great orb of eyes simulacra (IceCv)
  An ice beast (D:7)
  6 ogres
  12 centaurs
  3 wolves (Lair:5)
  3 phantoms
  3 slime creature simulacra (IceCv)
  2 kobold brigands
  2 necrophages
  2 earth elementals
  2 gnoll sergeants
  11 bullfrogs
  3 scorpions
  A two-headed ogre simulacrum (D:12)
  A hornet simulacrum (D:15)
  8 wights
  Dowan (D:5)
  44 killer bees
  8 electric eels
  A howler monkey (D:6)
  A lava snake (Lair:1)
  3 hounds
  7 jellies
  26 orc priests
  2 iguanas (D:5)
  18 orc wizards
  A polar bear simulacrum (D:12)
  A spriggan simulacrum (D:12)
  A troll simulacrum (D:12)
  5 shapeshifter simulacra (IceCv)
  Robin (D:3)
  21 gnolls
  11 adders
  4 naga simulacra (D:12)
  A shadow imp (D:5)
  2 white imps
  An ufetubus (D:6)
  6 swamp drake simulacra (Swamp:4)
  3 worms (D:2)
  A dart slug (D:2)
  63 orcs
  5 bats
  8 endoplasms
  3 giant cockroaches
  10 goblins
  6 hobgoblins
  6 jackals
  11 kobolds
  3 quokkas
  10 ball pythons
  4 frilled lizards
  6 rats
975 creatures vanquished.

Vanquished Creatures (collateral kills)
  Agnes (Elf:2)
  A deep elf death mage (Elf:3)
  A hydra (Swamp:4)
  An ugly thing (D:13)
  An orc sorcerer (Orc:1)
  A black mamba (Lair:1)
  2 freezing wraiths (Swamp:4)
  2 trolls (D:13)
  2 dream sheep (Lair:1)
  2 yaks (Lair:1)
  A shadow (D:13)
  2 vampire mosquitoes (Swamp:3)
  A hydra simulacrum (Swamp:4)
  An orc warrior (Orc:1)
  2 orcs (Orc:1)
21 creatures vanquished.

Vanquished Creatures (others)
  A bunyip (Swamp:4)
  A bloated husk (Swamp:4)
  2 humans (Swamp:2)
  2 swamp worms (Swamp:4)
  6 foxfires (Swamp:3)
  27 fungi
  56 plants
95 creatures vanquished.

Grand Total: 1091 creatures vanquished

Notes
Turn   | Place    | Note
-------+----------+-------------------------------------------
     0 | D:1      | ragingrage the Draconian Earth Elementalist began the quest
                  | for the Orb.
     0 | D:1      | Reached XP level 1. HP: 14/14 MP: 3/3
   170 | D:1      | Found Foasui's Antique Armour Boutique.
   260 | D:1      | You fall into a shaft and drop 1 floor!
   270 | D:2      | Reached XP level 2. HP: 20/20 MP: 1/5
   844 | D:2      | Found a burning altar of Makhleb.
   879 | D:2      | Reached XP level 3. HP: 26/26 MP: 1/6
  1300 | D:2      | Reached XP level 4. HP: 33/33 MP: 3/7
  1352 | D:2      | Reached skill level 5 in Earth Magic
  1902 | D:3      | Learned a level 3 spell: Stone Arrow
  2087 | D:3      | Found a runed translucent door.
  2088 | D:3      | Noticed Crazy Yiuf
  2498 | D:3      | Noticed Robin
  2503 | D:3      | Killed Robin
  2504 | D:3      | Reached XP level 5. HP: 38/38 MP: 3/8
  3109 | D:4      | Noticed a phantom
  3113 | D:4      | Killed a phantom
  3283 | D:4      | Reached XP level 6. HP: 45/45 MP: 4/9
  3288 | D:4      | Learned a level 4 spell: Petrify
  3997 | D:5      | Entered Level 5 of the Dungeon
  4027 | D:5      | Your scales start taking on a pale cyan-grey colour.
  4027 | D:5      | Reached XP level 7. HP: 46/50 MP: 6/10
  4027 | D:5      | Gained mutation: You are immune to the effects of steam.
                  | [Pale Draconian growth]
  4658 | D:5      | Found a glowing silver altar of Zin.
  4658 | D:5      | Noticed Duvessa
  4658 | D:5      | Noticed Dowan
  4667 | D:5      | Killed Duvessa
  4668 | D:5      | Reached skill level 10 in Earth Magic
  4668 | D:5      | Reached XP level 8. HP: 40/57 MP: 1/11
  4673 | D:5      | Killed Dowan
  4763 | D:5      | Found a hide-covered altar of Uskayaw.
  5461 | D:6      | Found a staircase to the Ecumenical Temple.
  5476 | D:6      | Noticed Sigmund
  5603 | D:6      | Killed Sigmund
  5660 | D:6      | Identified 2 scrolls of acquirement
  5661 | D:6      | Acquired the ring of Saravic {rElec MP+9 Str+4 Int-2}
  5662 | D:6      | Acquired 778 gold pieces
  5805 | D:6      | Reached XP level 9. HP: 62/62 MP: 12/12
  6222 | D:7      | Found a shadowy altar of Dithmenos.
  6311 | D:7      | Found Etauked's Distillery.
  6351 | D:7      | Reached skill level 1 in Fighting
  6351 | D:7      | Reached skill level 1 in Shields
  6351 | D:7      | Reached skill level 1 in Evocations
  6451 | D:7      | Bought a potion of curing for 30 gold pieces
  6451 | D:7      | Bought a potion of resistance for 100 gold pieces
  6451 | D:7      | Bought a potion of brilliance for 40 gold pieces
  7305 | D:8      | Reached skill level 2 in Fighting
  7506 | D:8      | Found a broken altar of Ashenzari.
  8031 | Temple   | Entered the Ecumenical Temple
  8200 | Temple   | Became a worshipper of Qazlal Stormbringer
  8267 | D:9      | Reached skill level 3 in Fighting
  8429 | D:9      | Found a runed translucent gate.
  8429 | D:9      | Found a runed translucent gate.
  8429 | D:9      | Found a runed translucent gate.
  8431 | D:9      | Noticed Iusername's ghost (novice MiFi)
  8503 | D:9      | Reached XP level 10. HP: 78/78 MP: 13/15
  8676 | D:9      | Reached skill level 4 in Fighting
  8785 | D:9      | Reached * piety under Qazlal
  9240 | D:9      | Reached skill level 5 in Fighting
  9337 | D:9      | Reached skill level 5 in Evocations
  9551 | D:10     | Entered Level 10 of the Dungeon
  9608 | D:10     | Noticed a two-headed ogre
  9613 | D:10     | Killed a two-headed ogre
  9614 | D:10     | Reached skill level 1 in Conjurations
  9861 | D:10     | Reached skill level 5 in Spellcasting
 10031 | D:10     | Reached skill level 5 in Shields
 10083 | D:10     | Reached skill level 5 in Dodging
 10088 | D:10     | Reached skill level 1 in Invocations
 10147 | D:10     | Reached XP level 11. HP: 87/89 MP: 18/18
 10399 | D:11     | Found a viscous altar of Jiyva.
 10484 | D:11     | Found Jajefaok's Assorted Antiques.
 10530 | D:11     | Noticed a boulder beetle
 10536 | D:11     | Killed a boulder beetle
 10561 | D:11     | Noticed a cyan ugly thing
 10570 | D:11     | Noticed a two-headed ogre
 10571 | D:11     | Killed a cyan ugly thing
 10572 | D:11     | Reached skill level 6 in Fighting
 10579 | D:11     | Killed a two-headed ogre
 10636 | D:11     | Reached ** piety under Qazlal
 10831 | D:11     | Found a staircase to the Lair.
 11129 | D:12     | Identified the +5 dire flail "Tunwof" {drain, rC+ Will+
                  | Str+2}
 11178 | D:12     | Found a staircase to the Orcish Mines.
 11256 | D:12     | Noticed a deep elf pyromancer
 11262 | D:12     | Killed a deep elf pyromancer
 11312 | D:12     | Found a frozen archway.
 11387 | IceCv    | Entered an ice cave
 11548 | IceCv    | Reached skill level 7 in Fighting
 11594 | IceCv    | Reached *** piety under Qazlal
 11755 | IceCv    | Reached XP level 12. HP: 92/100 MP: 12/21
 11805 | IceCv    | Noticed an azure jelly
 11818 | IceCv    | Killed an azure jelly
 11901 | IceCv    | Found a viscous altar of Jiyva.
 11919 | IceCv    | Reached skill level 5 in Invocations
 11972 | IceCv    | Identified the +12 ice dragon scales of Qotugoh {+Blink rF-
                  | rC++ Int-5 Dex+8}
 12231 | D:12     | Noticed a boulder beetle
 12239 | D:12     | Killed a boulder beetle
 12242 | D:12     | Reached skill level 8 in Fighting
 12818 | Lair:1   | Entered Level 1 of the Lair of Beasts
 12848 | Lair:1   | Noticed a catoblepas
 12863 | Lair:1   | Killed a catoblepas
 12906 | Lair:1   | Noticed Erica
 13100 | Lair:1   | Killed Erica
 13367 | Lair:1   | Reached skill level 9 in Fighting
 13561 | Lair:1   | Noticed Gastronok
 13576 | Lair:1   | Killed Gastronok
 14275 | Lair:2   | You fall into a shaft and drop 2 floors!
 14345 | Lair:4   | Noticed an eight-headed hydra
 14350 | Lair:4   | Killed an eight-headed hydra
 14351 | Lair:4   | Reached XP level 13. HP: 111/111 MP: 23/25
 14824 | Lair:4   | Reached **** piety under Qazlal
 14897 | Lair:4   | Found a staircase to the Slime Pits.
 14898 | Lair:4   | Found a viscous altar of Jiyva.
 15281 | Lair:3   | Found a runed translucent door.
 15312 | Lair:3   | Noticed Zonian's ghost (journeyman DjIE)
 15330 | Lair:3   | Reached skill level 10 in Fighting
 15354 | Lair:3   | Reached skill level 10 in Evocations
 15410 | Lair:3   | Learned a level 5 spell: Iskenderun's Battlesphere
 15730 | Lair:3   | Reached skill level 5 in Conjurations
 17078 | Lair:3   | Found a staircase to the Swamp.
 17142 | Lair:3   | Found a hole to the Spider Nest.
 17458 | Lair:5   | Entered Level 5 of the Lair of Beasts
 17493 | Lair:5   | Reached skill level 10 in Spellcasting
 17622 | Lair:5   | Reached ***** piety under Qazlal
 17725 | Lair:4   | Reached XP level 14. HP: 84/121 MP: 28/28
 20453 | Orc:1    | Entered Level 1 of the Orcish Mines
 20557 | Orc:1    | Noticed an orc warlord
 20572 | Orc:1    | Killed an orc warlord
 21005 | Orc:2    | Entered Level 2 of the Orcish Mines
 21227 | Orc:2    | Found a staircase to the Elven Halls.
 21237 | Orc:2    | Noticed an orc warlord
 21401 | Orc:1    | Killed an orc warlord
 22085 | Orc:2    | Reached skill level 10 in Conjurations
 22371 | Orc:2    | Reached XP level 15. HP: 128/128 MP: 5/29
 22564 | Orc:2    | Reached skill level 11 in Fighting
 22584 | Orc:2    | Reached ****** piety under Qazlal
 22685 | Orc:2    | Reached skill level 10 in Shields
 23148 | Orc:2    | Found Syiree's General Store.
 23148 | Orc:2    | Found Jadig's Armour Emporium.
 23149 | Orc:2    | Found Arioxushus's Armour Emporium.
 23149 | Orc:2    | Found Zyt Pisai's Jewellery Shoppe.
 23156 | Orc:2    | Bought a potion of mutation for 136 gold pieces
 23156 | Orc:2    | Bought a potion of brilliance for 68 gold pieces
 23156 | Orc:2    | Bought a potion of heal wounds for 85 gold pieces
 23157 | Orc:2    | Bought the +0 pair of gloves of the Game of Life {*Corrode
                  | Regen+ Int+7} for 288 gold pieces
 23182 | Orc:2    | Bought the ring "Qomet" {rF+++ Will+ Str-5 Int+4 Dex+3} for
                  | 925 gold pieces
 23507 | D:13     | Learned a level 2 spell: Blink
 23606 | D:13     | Found a gate to the Vaults.
 23830 | D:14     | Identified Roxanne's Omnibus of the Lithosphere
 23830 | D:14     | Noticed Roxanne
 23986 | D:14     | Reached skill level 1 in Translocations
 24038 | D:14     | Killed Roxanne
 24446 | D:14     | Found a blossoming altar of Fedhas.
 24537 | D:14     | Identified the +5 hand axe "Buteik" {protect, rPois rN+}
 24805 | D:15     | Entered Level 15 of the Dungeon
 25579 | D:15     | Found a staircase to the Depths.
 26070 | Swamp:1  | Entered Level 1 of the Swamp
 26144 | Lair:3   | Reached skill level 10 in Invocations
 27130 | Swamp:2  | Reached skill level 12 in Fighting
 27130 | Swamp:2  | Reached XP level 16. HP: 139/139 MP: 22/30
 27193 | Swamp:2  | Identified the ring "Aggenlow" {+Blink rF++ rCorr}
 27586 | Swamp:2  | Noticed Kirke
 27593 | Swamp:2  | Killed Kirke
 28236 | Swamp:3  | Noticed a tentacled monstrosity
 28245 | Swamp:3  | Killed a tentacled monstrosity
 28760 | Swamp:3  | Noticed ryw's ghost (adept DsMo)
 28763 | Swamp:3  | Found a runed translucent door.
 29018 | Swamp:4  | Entered Level 4 of the Swamp
 29186 | Swamp:4  | Identified the +5 tower shield of Festooned Awe {Harm
                  | rPois}
 29186 | Swamp:4  | Noticed Louise
 29192 | Swamp:4  | Killed Louise
 30213 | Swamp:4  | Got a decaying rune of Zot
 30503 | Elf:1    | Entered Level 1 of the Elven Halls
 30503 | Elf:1    | Found a runed translucent gate.
 30503 | Elf:1    | Found a runed translucent gate.
 30503 | Elf:1    | Found a runed translucent gate.
 30503 | Elf:1    | Found a runed translucent gate.
 30503 | Elf:1    | Found a runed translucent gate.
 30503 | Elf:1    | Found a runed translucent gate.
 30506 | Elf:1    | Found a runed translucent door.
 30519 | Elf:1    | Found a runed translucent door.
 30791 | Elf:1    | Reached skill level 13 in Fighting
 30958 | Elf:1    | Reached XP level 17. HP: 146/149 MP: 18/32
 31177 | Elf:1    | Learned a level 5 spell: Lee's Rapid Deconstruction
 31251 | Elf:1    | Found Xifutim's Antique Armour Shop.
 31259 | Elf:1    | Bought a pair of buzzing boots for 313 gold pieces
 31259 | Elf:1    | Identified the +2 pair of boots of Limoxzea {Rampage rF-
                  | rCorr Str+7} (You bought it in a shop on level 1 of the
                  | Elven Halls)
 31259 | Elf:1    | Bought a shimmering cloak for 313 gold pieces
 31259 | Elf:1    | Identified the +0 cloak "Fipokhlo" {rN++} (You bought it in
                  | a shop on level 1 of the Elven Halls)
 32093 | Elf:2    | Noticed Agnes
 32098 | Elf:2    | Killed Agnes
 32380 | Elf:2    | Found a runed translucent gate.
 32381 | Elf:2    | Found a runed translucent gate.
 32381 | Elf:2    | Found a runed translucent gate.
 32742 | Elf:2    | Found Meturom's Book Shop.
 33090 | Elf:3    | Entered Level 3 of the Elven Halls
 33533 | Elf:3    | Noticed a deep elf master archer
 33581 | Elf:3    | Killed a deep elf master archer
 33767 | Elf:3    | Noticed a deep elf master archer
 33780 | Elf:3    | Killed a deep elf master archer
 33889 | Elf:3    | Identified the +7 mace of the Teaching Gods {venom, rPois}
 33894 | Elf:3    | Noticed a deep elf blademaster
 33898 | Elf:3    | Identified the +1 leather armour of Quciapp {rN+ Int+2
                  | SInv}
 33898 | Elf:3    | Identified the amulet "Waiq" {RegenMP rElec rCorr}
 33901 | Elf:3    | Killed a deep elf blademaster
 33934 | Elf:3    | Reached skill level 14 in Fighting
 34130 | Elf:3    | Identified the ring of Qufearchi {Fire rPois Dex+4}
 34131 | Elf:3    | Noticed a deep elf blademaster
 34136 | Elf:3    | Killed a deep elf blademaster
 34153 | Elf:3    | Noticed a deep elf master archer
 34156 | Elf:3    | Reached XP level 18. HP: 141/160 MP: 8/34
 34234 | Elf:3    | Identified the +4 quarterstaff of Animal Spirits {venom,
                  | rF+}
 34656 | Elf:3    | Identified the +9 longbow of the Past {drain, *Slow rCorr
                  | Str+2}
 34721 | Elf:3    | Got Giof Gue's Grimoire of the Mortuary Wayfarer
 34812 | Elf:3    | Identified the +2 chain mail "Siufriwocaw" {rC+ rCorr}
 34813 | Elf:3    | Identified the +0 chain mail of Haq Batelioc {Str+4}
 35483 | Spider:1 | Entered Level 1 of the Spider Nest
 35994 | Spider:1 | HP: 8/161 [redback[a broodmother] (7)]
 35994 | Spider:1 | HP: 2/161 [wolf spider[a broodmother] (6)]
 35994 | Spider:1 | Mangled by a radroach

Illustrated notes

Levels and vault maps discovered:
D:1:      psy_arrival_basics, layout_basic, serial_shops, shop
D:2:      minmay_diamond_boxcup, layout_loops_ring, basic_altar, nrook_uturn,
          minmay_randomly_rotated_circles
D:3:      layout_loops_ring, minmay_misc_feat_doors, uniq_crazy_yiuf_cottage,
          uniq_robin
D:4:      layout_rooms, serial_rivers, chequers_serial_rivers_marsh,
          chequers_serial_rivers_micro_c, chequers_serial_rivers_large_b,
          chequers_serial_rivers_marsh, chequers_serial_rivers_small_3,
          chequers_serial_rivers_room_b, chequers_serial_rivers_micro_a,
          kennysheep_crisscross, corner_web_ring, kennysheep_potato
D:5:      kennysheep_six_static_rooms, layout_basic,
          mainiacjoe_overflow_big_doors, nrook_mini_backslash, uniq_duvessa
D:6:      layout_loops_ring, minmay_temple_entry_metal_lava, uniq_sigmund
D:7:      layout_loops_ring, grunt_dithmenos_smoke, serial_shops,
          nicolae_shop_waterfront
D:8:      layout_basic, mainiacjoe_overflow_tiny_flanked
D:9:      layout_basic, ebering_ghost_rock_garden, serial_bayou,
          serial_bayou_pond_a, serial_bayou_shore_a, serial_bayou_pond_d,
          serial_bayou_ford_a
D:10:     layout_rooms
D:11:     layout_irregular_city, david_lair_generic, serial_shops,
          nicolae_take_the_stairs, jiyva_altar_1
D:12:     layout_loops_ring, orc_0_dummy, portal_ice_cave_entry_ice_simulacra
D:13:     layout_cave_pools, david_vaults_2
D:14:     layout_cave_pools, fedhas_ov_isle_minmay, uniq_roxanne
D:15:     grunt_enter_depths_magical_seal, layout_loops_ring,
          nicolae_benzene_ring
Temple:   regret_index_temple_mists
Lair:1:   layout_gridlike, uniq_erica, uniq_gastronok
Lair:2:   layout_cave_pods
Lair:3:   layout_chaotic_city, nicolae_swamp_entry_splash_gauntlet,
          hellmonk_spider_entry_not_the_bees, gammafunk_ghost_grave
Lair:4:   layout_gridlike, slime_entry_1
Lair:5:   evilmike_catoblepas_cave, layout_gridlike, special_room
          [special_room_bee], serial_bayou_shore_b, serial_bayou_shore_b
Swamp:1:  layout_falls_marsh, hangedman_swamp_cone
Swamp:2:  layout_basic_swamp, evilmike_swamp_ruin_rubble_1,
          hangedman_swamp_dais, uniq_kirke
Swamp:3:  nicolae_swamp_ascending_descending_big, layout_basic_swamp,
          hellmonk_ghost_happy_afterlife, nicolae_swamp_big_swirl
Swamp:4:  swamp_icy, layout_basic_swamp, swamp_pool1, uniq_louise
Spider:1: layout_spider_delve
Orc:1:    layout_caves, serial_shops, nicolae_shop_bloodbath_and_beyond,
          basic_altar
Orc:2:    st_orc_pillars, layout_diamond_mine, mines1_david
Elf:1:    nicolae_elf_arrival_dilemma, layout_gridlike, serial_shops, shop,
          evilmike_minifort, grunt_megastairs_4
Elf:2:    nicolae_elf_blades_crystal_corner, layout_geoelf_grid, serial_shops,
          nicolae_square_shop, uniq_agnes
Elf:3:    nooodl_elf_gasket, layout_geoelf_diagonals

Skill      XL: |  1  2  3  4  5  6  7  8  9 10 11 12 13 14 15 16 17 18 |
---------------+-------------------------------------------------------+-----
Earth Magic    | 4 5 7 8 10 12 13 | 13.5
Dodging        | 3 5 6 7 9 |  9.0
Fighting       | 3 5 7 9 10 12 13 14 | 14.4
Shields        | 3 5 6 8 9 10 11 12 13 | 13.2
Evocations     | 3 5 7 9 10 11 | 11.9
Spellcasting   | 3 5 6 8 10 11 12 | 12.7
Conjurations   | 2 4 7 10 11 12 | 12.0
Invocations    | 1 4 5 8 10 11 12 13 | 13.1
Transmutations | 4 |  4.0
Translocations | 3 |  3.0
Stealth        | |  1.7

Action                   |  1- 3 |  4- 6 |  7- 9 | 10-12 | 13-15 | 16-18 || total
-------------------------+-------+-------+-------+-------+-------+-------++-------
Melee: Staff             |     1 |    12 |    20 |     9 |    28 |    15 ||    85
       Tailslap          |       |       |     3 |     2 |     7 |     6 ||    18
       Hand axe          |       |       |       |       |     1 |     6 ||     7
Throw: Dart              |       |       |       |     5 |     5 |     2 ||    12
 Cast: Sandblast         |    34 |    85 |   101 |    85 |       |       ||   305
       Stone Arrow       |       |       |    25 |   248 |   810 |   489 ||  1572
       Petrify           |       |       |     1 |     1 |       |       ||     2
       Iskenderun's Batt |       |       |       |       |    47 |    72 ||   119
       Lee's Rapid Decon |       |       |       |       |       |    63 ||    63
       Blink             |       |       |       |       |       |     3 ||     3
Invok: Upheaval          |       |       |       |     3 |     5 |       ||     8
       Elemental Force   |       |       |       |     1 |     4 |     7 ||    12
       Disaster Area     |       |       |       |       |     1 |     3 ||     4
 Abil: Breathe Steam     |       |       |    16 |    24 |    63 |    44 ||   147
Evoke: Wand              |       |       |     1 |     7 |     5 |     8 ||    21
       Lightning rod     |       |       |       |       |     2 |       ||     2
       Phial of floods   |       |       |       |       |       |     4 ||     4
       Tin of tremorston |       |       |       |       |       |     4 ||     4
       Condenser vane    |       |       |       |       |       |     1 ||     1
  Use: Scroll            |       |       |    10 |    14 |     7 |     1 ||    32
       Potion            |       |       |       |     2 |     2 |     3 ||     7
 Stab: Invisible         |       |       |       |       |     2 |       ||     2
Armor: Skin              |     1 |    11 |    48 |    49 |   107 |    71 ||   287
Dodge: Dodged            |     9 |    21 |    52 |    53 |   129 |   104 ||   368
       Repelled          |       |       |       |       |     9 |    10 ||    19
Block: Kite shield       |       |       |       |    63 |   377 |   174 ||   614
       Tower shield      |       |       |       |       |       |    61 ||    61

Table legend: (Time is in decaauts)
 A = Elapsed time spent in this place.
 B = Non-inter-level travel time spent in this place.
 C = Inter-level travel time spent in this place.
 D = Time resting spent in this place.
 E = Time spent auto-exploring this place.
 F = Levels seen in this place.
 G = Mean time per level.
                   A        B        C        D        E       F      G
               +--------+--------+--------+--------+--------+-----+--------+
         Total |  36693 |  33753 |   2940 |   6087 |  21386 |  32 | 1146.7 |
       Dungeon |  15267 |  13811 |   1456 |   1295 |  10380 |  15 | 1017.8 |
        Temple |    235 |    207 |     28 |      0 |    187 |   1 |  235.0 |
          Lair |   8433 |   7635 |    798 |   1824 |   4393 |   5 | 1686.6 |
         Swamp |   4530 |   4259 |    271 |   1039 |   2464 |   4 | 1132.5 |
   Spider Nest |    157 |    157 |      0 |      2 |    107 |   1 |  157.0 |
  Orcish Mines |   2778 |   2599 |    179 |    708 |   1228 |   2 | 1389.0 |
   Elven Halls |   4469 |   4263 |    206 |    974 |   2304 |   3 | 1489.7 |
      Ice Cave |    822 |    822 |      0 |    245 |    322 |   1 |  822.0 |
               +--------+--------+--------+--------+--------+-----+--------+

Top non-repeatable levels by time:
  Lair:5: 2257 daAuts
  Lair:3: 2031 daAuts
   Orc:2: 1800 daAuts
   Elf:3: 1750 daAuts
   Elf:1: 1718 daAuts
  Lair:1: 1632 daAuts
  Lair:4: 1423 daAuts
 Swamp:4: 1343 daAuts
     D:9: 1299 daAuts
     D:5: 1289 daAuts
 Swamp:2: 1282 daAuts
     D:3: 1245 daAuts
     D:2: 1214 daAuts
    D:15: 1106 daAuts
  Lair:2: 1089 daAuts
